 Dungeon Crawl Stone Soup version 0.25-a0-632-g7713895373 (webtiles) character file.

Game seed: 16071871206034173649, levelgen mode: deterministic

0 Chromatus the Gusty (level 1, -1/10 HPs)
             Began as a Tengu Air Elementalist on Mar 19, 2020.
             Slain by a leopard gecko (2 damage)
             ... on level 1 of the Dungeon.
             The game lasted 00:00:54 (69 turns).

Chromatus the Gusty (Tengu Air Elementalist)          Turns: 69, Time: 00:00:55

Health: -1/10      AC:  2    Str:  8    XL:     1   Next: 10%
Magic:  2/4        EV: 12    Int: 15    God:
Gold:   0          SH:  0    Dex: 14    Spells: 3/4 levels left

rFire    . . .     SeeInvis .   (no weapon)
rCold    . . .     Gourm    .   (no shield)
rNeg     . . .     Faith    .   a - +0 robe
rPois    .         Spirit   .   (helmet restricted)
rElec    .         Reflect  .   (no cloak)
rCorr    .         Harm     .   (no gloves)
MR       .....                  (boots unavailable)
Stlth    +.........             (no amulet)
HPRegen  0.03/turn              b - ring of attention (curse)
MPRegen  0.09/turn              (no ring)

@: no status effects
A: beak, talons 3
a: no special abilities


You were on level 1 of the Dungeon.
You were not hungry.

You visited 1 branch of the dungeon, and saw 1 of its levels.

Inventory:

Armour
 a - a +0 robe (worn)
Jewellery
 b - a cursed ring of attention (left hand)
   (You found it on level 1 of the Dungeon)
Comestibles
 e - a ration {!d}


   Skills:
 + Level 2.2 Dodging
 + Level 2.0 Stealth
 + Level 2.0 Spellcasting
 + Level 1.4 Conjurations
 + Level 4.0 Air Magic


You had 3 spell levels left.
You knew the following spells:

 Your Spells              Type           Power        Failure   Level  Hunger
a - Shock                 Conj/Air       #...         8%          1    #......

Your spell library contained the following spells:

 Spells                   Type           Power        Failure   Level  Hunger
 Swiftness                Chrm/Air       #.......     14%         2    ###....
 Static Discharge         Conj/Air       #.......     22%         3    ###....
 Airstrike                Air            ##........   38%         4    #####..
 Lightning Bolt           Conj/Air       #.........   90%         5    ######.


Dungeon Overview and Level Annotations

Branches:
Dungeon (1/15)

Altars:


Innate Abilities, Weirdness & Mutations

You have a beak for a mouth.
You have claws for feet.


Message History

e - a ration Welcome, Chromatus the Tengu Air Elementalist.
Will you be the one to retrieve the fabled Orb of Zot from the depths?
Found a staircase leading out of the dungeon.
Okay, then.
You open the door.
There is an open door here.
You open the door.
There is an open door here.
A goblin comes into view.
The goblin shouts!
The goblin hits you.
You closely miss the goblin. You peck the goblin.
You kill the goblin!
Found a tubular tourmaline ring.
b - a tubular tourmaline ring Oops, that ring feels deathly cold.
b - a cursed ring of attention (left hand)
You open the door.
There is an open door here.
A leopard gecko comes into view.
Found a scroll labeled APEORUVINY.
Found 4 javelins.
The leopard gecko hisses menacingly.
You closely miss the leopard gecko. The leopard gecko bites you.
* * * LOW HITPOINT WARNING * * *
You barely miss the leopard gecko. Your kick misses the leopard gecko.
Your peck misses the leopard gecko. The leopard gecko barely misses you. x2
You hit the leopard gecko but do no damage.
Your peck misses the leopard gecko.
The leopard gecko completely misses you.
You closely miss the leopard gecko. The leopard gecko bites you.
* * * LOW HITPOINT WARNING * * *
You hit the leopard gecko. Your peck misses the leopard gecko.
The leopard gecko hisses menacingly.
The leopard gecko bites you.
* * * LOW HITPOINT WARNING * * *
Aim: a leopard gecko (moderately wounded)
The zap misses the leopard gecko.
The leopard gecko barely misses you. x2
Aim: a leopard gecko (moderately wounded)
The zap hits the leopard gecko.
The leopard gecko bites you.
* * * LOW HITPOINT WARNING * * *
You closely miss the leopard gecko. The leopard gecko bites you.
You die...

8...##...............
.8...###.####........(.
......##.#......#.....
##.⌠.⌠.#.#....#.#.#..####
.#.....#.#....#.#.#...?.
<#..8..'.#.#..#.#.#...#.#
.#.....#.#.##.#.#.......#
##.⌠.⌠.#.#....#.#...#...#
......##.#..#...@l.......
.8...###+#..#.#.#........
8...##......#.#.#########
.8.###......#.#..
...#......###.######
####.##...'.......... #
#...###.####### #...# #.#
#...# #.#


You could see a leopard gecko.

Vanquished Creatures
  A goblin (D:1)
1 creature vanquished.

Notes
Turn   | Place    | Note
-------+----------+-------------------------------------------
     0 | D:1      | Chromatus the Tengu Air Elementalist began the quest for
                  | the Orb.
     0 | D:1      | Reached XP level 1. HP: 10/10 MP: 4/4
    69 | D:1      | Slain by a leopard gecko

Levels and vault maps discovered:
D:1:      ncdulo_halloftheorcs, layout_basic

Action                   || total
-------------------------++-------
Melee: Unarmed           ||     7
       Peck              ||     1
 Cast: Shock             ||     2
Dodge: Dodged            ||     5

Table legend:
 A = Non-vault XP
 B = Vault XP
 C = Vault XP percentage of total XP
 D = Non-vault monster count
 E = Vault monster count
 F = Vault count percentage of total count
                 A         B        C        D         E       F
            +---------+---------+-------+---------+---------+-------
      Total |       1 |       0 |   0.0 |       1 |       0 |   0.0
            +---------+---------+-------+---------+---------+-------
        D:1 |       1 |       0 |   0.0 |       1 |       0 |   0.0
            +---------+---------+-------+---------+---------+-------
